 Dungeon Crawl Stone Soup version 0.22.1-2-g9c5b331383 (webtiles) character file.

135 H0rd4k the Charlatan (level 5, -5/37 HPs)
             Began as a Human Artificer on Nov 27, 2018.
             Slain by an orc
             ... wielding a +2 trident of venom
              (11 damage)
             ... on level 3 of the Dungeon.
             The game lasted 00:04:46 (2770 turns).

H0rd4k the Charlatan (Human Artificer)              Turns: 2770, Time: 00:04:47

Health: -5/37      AC:  3    Str: 12    XL:     5   Next: 42%
Magic:  7/7        EV: 13    Int: 13    God:
Gold:   127        SH:  0    Dex: 13    Spells: 4/4 levels left

rFire    . . .     SeeInvis .   s - +0 falchion (holy)
rCold    + . .     Gourm    .   (no shield)
rNeg     . . .     Faith    .   b - +0 leather armour
rPois    .         Spirit   .   (no helmet)
rElec    .         Reflect  .   (no cloak)
rCorr    .         Harm     .   (no gloves)
MR       .....                  (no boots)
Stlth    +.........             (no amulet)
HPRegen  0.12/turn              l - ring of protection from cold
MPRegen  0.10/turn              (no ring)

@: lethally poisoned (-5 -> -39)
A: no striking features
a: no special abilities


You were on level 3 of the Dungeon.
You were hungry.

You visited 1 branch of the dungeon, and saw 3 of its levels.

You collected 127 gold pieces.

Inventory:

Hand Weapons
 a - a +0 short sword
 s - a +0 falchion of holy wrath (weapon)
Missiles
 n - 31 sling bullets
 o - 5 tomahawks (quivered)
Armour
 b - a +0 leather armour (worn)
Jewellery
 l - a ring of protection from cold (left hand)
Wands
 c - a wand of flame (8)
 d - a wand of enslavement (15)
 e - a wand of random effects (15)
Scrolls
 h - 2 scrolls of identify {unknown}
 i - a scroll of enchant weapon {unknown}
 m - 2 scrolls of remove curse {unknown}
 r - a scroll of teleportation {unknown}
Potions
 g - a potion of lignification {unknown}
 j - a potion of cancellation {unknown}
 k - 2 potions of flight {unknown}
 p - a potion of heal wounds {unknown}
 q - a potion of haste {unknown}
Comestibles
 f - 6 rations


   Skills:
 + Level 1.5 Fighting
 + Level 2.8 Short Blades
 + Level 0.1(1.6) Long Blades
 + Level 1.6 Armour
 + Level 3.1 Dodging
 + Level 1.2 Stealth
 + Level 3.3 Evocations


You had 4 spell levels left.
You didn't know any spells.
Your spell library was empty.

Dungeon Overview and Level Annotations

Branches:
Dungeon (3/15)

Altars:
Xom


Message History

You closely miss the orc. You hit the orc but do no damage.
You feel sick.
The orc hits you with a trident of venom.
You are more poisoned.
You closely miss the orc.
You feel sick. The orc misses you.
You hit the orc but do no damage.
You feel sick. The orc closely misses you.
You barely miss the orc.
You feel sick.
The orc hits you with a trident of venom!
You are more poisoned.
You barely miss the orc.
You feel very sick. The orc barely misses you.
The orc hits you with a trident of venom.
* * * LOW HITPOINT WARNING * * *
You are more poisoned.
You closely miss the orc.
* * * LOW HITPOINT WARNING * * *
You feel very sick.
The orc hits you with a trident of venom!
You die...

........+>..# #.#
.......##...####.#
.................#
...............#########
......######...........#
...........#.#.#######.#
........##.#.#...#
........'..#.###.#
##......####.###@#
#.............#o#
#.......###.#.#..
#.......# ..#.####
#.......# #.# #
+.......# ### #.......#
#......)# ...#####.#


You could see an orc.

Vanquished Creatures
  Terence (D:2)
  An adder (D:2)
  2 oozes
  A worm (D:2)
  3 dart slugs (D:1)
  4 orcs (D:3)
  10 bats
  5 giant cockroaches
  3 goblins
  6 hobgoblins
  11 jackals
  3 quokkas
  2 ball pythons
  2 frilled lizards
  12 kobolds
  8 rats
74 creatures vanquished.

Notes
Turn   | Place    | Note
-------+----------+-------------------------------------------
     0 | D:1      | H0rd4k the Human Artificer began the quest for the Orb.
     0 | D:1      | Reached XP level 1. HP: 15/15 MP: 3/3
    66 | D:1      | Reached XP level 2. HP: 20/21 MP: 4/4
   491 | D:1      | Reached XP level 3. HP: 19/26 MP: 5/5
   808 | D:1      | Reached skill level 1 in Armour
  1129 | D:2      | Reached XP level 4. HP: 22/32 MP: 6/6
  1475 | D:2      | Noticed Terence
  1485 | D:2      | Killed Terence
  1722 | D:2      | Reached XP level 5. HP: 28/37 MP: 7/7
  2216 | D:2      | Found a shimmering altar of Xom.
  2770 | D:3      | Slain by an orc

Skill      XL: |  1  2  3  4 |
---------------+-------------+-----
Armour         | 1 |  1.6
Short Blades   | 2 |  2.8
Dodging        | 3 |  3.1
Fighting       | |  1.5
Long Blades    | |  0.1
Stealth        | |  1.2
Evocations     | |  3.3

Action                   |  1- 3 |  4- 6 || total
-------------------------+-------+-------++-------
Melee: Short sword       |   152 |   202 ||   354
       Falchion          |       |    25 ||    25
Evoke: Wand              |     1 |     6 ||     7
 Stab: Sleeping          |     1 |     2 ||     3
  Eat: Chunk             |     1 |     5 ||     6
Armor: Leather armour    |    41 |    51 ||    92
Dodge: Dodged            |   115 |   145 ||   260
       Rpst.: Falchion   |       |     4 ||     4
